 Dungeon Crawl Stone Soup version bcrawl-1.41.1 (webtiles) character file.

Game seed: 12982145401111704520

105385 TheWayOfAllFlesh the Conjurer (level 4, 0/27 HPs)
             Began as an Octopode Wizard on Apr 13, 2024.
             Slain by Grinder (6 damage)
             ... on level 3 of the Dungeon.
             The game lasted 00:05:17 (2658 turns).

TheWayOfAllFlesh the Conjurer (Octopode Wizard)     Turns: 2658, Time: 00:05:18

Health: 0/27       AC:  1    Str:  6    XL:     4   Next: 60%
Magic:  3/8        EV: 13    Int: 21    God:
Gold:   70         SH:  0    Dex: 10    Spells: 1/9 levels left

rFire    . . .     GDR:     22% g - +2 whip (elec)
rCold    . . .     SeeInvis .   (no shield)
rNeg     . . .     Gourm    .   b - +0 hat
rPois    .         Faith    .   (cloak restricted)
rElec    .         Spirit   .   (no amulet)
rCorr    .         Reflect  .   (no ring)
MR       .....                  (no ring)
Stlth    +++.......             (no ring)
HPRegen  0.14/turn              (no ring)
MPRegen  0.11/turn              (no ring)
                                (no ring)
                                (no ring)
                                (no ring)

@: very slightly contaminated
A: almost no armour, stealthy swim, resist paralysis, amphibious, 8 rings,
constrict 8, camouflage 1, gelatinous body 1
a: no special abilities


You were on level 3 of the Dungeon.
You were not hungry.

You visited 1 branch of the dungeon, and saw 3 of its levels.

You collected 70 gold pieces.

Inventory:

Hand Weapons
 a - a +0 staff
 f - a +0 dagger
 g - a +2 whip of electrocution (weapon)
Armour
 b - a +0 hat (worn)
Scrolls
 c - 2 scrolls of teleportation
 h - a scroll of fear {unknown}
 i - 3 scrolls of identify
Potions
 d - 2 potions of brilliance
Comestibles
 e - 5 rations {!d}


   Skills:
 - Level 2.0 Dodging
 - Level 3.0 Stealth
 + Level 3.2 Spellcasting
 + Level 3.2 Conjurations
 + Level 1.5 Summonings
 + Level 1.5 Translocations
 + Level 1.0 Fire Magic


You had one spell level left.
You knew the following spells:

 Your Spells              Type           Power        Failure   Level  Hunger
a - Magic Dart            Conj           ###.         3%          1    None
b - Conjure Flame         Conj/Fire      ##......     16%         3    ####...
i - Blink                 Tloc           N/A          11%         2    #......
z - Call Imp              Summ           #.....       11%         2    #......

Your spell library contained the following spells:

 Spells                   Type           Power        Failure   Level  Hunger
 Mephitic Cloud           Conj/Pois/Air  #.......     26%         3    ####...
 Spider Form              Tmut/Pois      #..          36%         3    ####...


Dungeon Overview and Level Annotations

Branches:
Dungeon (3/12)

Altars:

Annotations:
D:3 Grinder


Innate Abilities, Weirdness & Mutations

You cannot wear most types of armour.
You are very stealthy in the water. (Stealth+)
Your unusual nervous system resists paralysis.
You are amphibious.
You can wear up to eight rings at the same time.
You can use your tentacles to constrict eight enemies at once.
Your skin changes colour to match your surroundings (Stealth+).
Your rubbery body absorbs attacks. (AC +1, EV +1)


Message History

Unknown command.
Okay, then.
Are you sure you want to stumble around while confused and next to your crimson imp?
You're too confused to move!
Grinder barely misses you.
Your crimson imp hits Grinder.
Your crimson imp blinks!
You're too confused to move!
Grinder gestures at you. You resist with significant effort.
Grinder closely misses you.
Are you sure you want to stumble around while confused and next to your crimson imp?
Are you sure you want to stumble around while confused and next to your crimson imp?
You bump into the rock wall.
Your crimson imp closely misses Grinder.
Grinder closely misses you.
Are you sure you want to stumble around while confused and next to your crimson imp?
You're too confused to move!
You feel less confused.
Your crimson imp barely misses Grinder.
Grinder hits you.
You die...

##....#.##..)....
..#.###.........
#.#..#.##.......
#.##.#....#
####...
####.........# .
..#####..####
#.## #.######.#
.....##.#...##.#
#.......@##.#
####.#<55##.#
#.#####.#...##.#
#....<.......).#
#########...####
##.## ###


You could see Grinder and a friendly crimson imp.

Vanquished Creatures
  A worker ant (D:3)
  An adder (D:2)
  A worm (D:2)
  A dart slug (D:1)
  4 leopard geckos (D:2)
  6 giant cockroaches
  4 goblins
  7 hobgoblins
  4 jackals (D:2)
  6 kobolds
  2 bats (D:2)
  3 frilled lizards
  2 rats (D:2)
42 creatures vanquished.

Notes
Turn   | Place    | Note
-------+----------+-------------------------------------------
     0 | D:1      | TheWayOfAllFlesh the Octopode Wizard began the quest for
                  | the Orb.
     0 | D:1      | Reached XP level 1. HP: 11/11 MP: 4/4
   180 | D:1      | Reached XP level 2. HP: 17/17 MP: 4/6
   200 | D:1      | Learned a level 2 spell: Blink
   203 | D:1      | Learned a level 2 spell: Call Imp
   994 | D:2      | Reached XP level 3. HP: 21/21 MP: 0/7
  1032 | D:2      | Learned a level 3 spell: Conjure Flame
  1916 | D:2      | Reached XP level 4. HP: 18/27 MP: 1/8
  2587 | D:3      | Reached skill level 1 in Fire Magic
  2620 | D:3      | Noticed an ogre
  2641 | D:3      | Noticed Grinder
  2658 | D:3      | Slain by Grinder

Skill      XL: |  1  2  3  4 |
---------------+-------------+-----
Conjurations   | 2 3 |  3.2
Fire Magic     | 1 |  1.0
Dodging        | |  2.0
Stealth        | |  3.0
Spellcasting   | |  3.2
Summonings     | |  1.5
Translocations | |  1.5

Action                   |  1- 3 |  4- 6 || total
-------------------------+-------+-------++-------
Melee: Whip              |    13 |     6 ||    19
       Constrict         |     2 |     2 ||     4
       Tentacles         |     2 |     2 ||     4
 Cast: Magic Dart        |    96 |     8 ||   104
       Conjure Flame     |     1 |     1 ||     2
       Call Imp          |       |     1 ||     1
  Use: Scroll            |     1 |     2 ||     3
       Potion            |       |     1 ||     1
  Eat: Chunk             |     5 |     3 ||     8
Armor: Skin              |     3 |       ||     3
Dodge: Dodged            |    15 |     4 ||    19
